 Dungeon Crawl Stone Soup version 0.21.0-3-g78d12a8bdd (webtiles) character file.

7282 Gargoyl the Cleaver (level 10, 0/84 HPs)
             Began as a Centaur Abyssal Knight on Jan 9, 2018.
             Was a Priest of Lugonu.
             Slain by a yak (8 damage)
             ... on level 1 of the Lair of Beasts on Jan 10, 2018.
             The game lasted 00:20:26 (13107 turns).

Gargoyl the Cleaver (Centaur Abyssal Knight)       Turns: 13107, Time: 00:20:26

Health: 0/84       AC: 13    Str: 16    XL:     10   Next: 89%
Magic:  16/16      EV:  1    Int: 11    God:    Lugonu [***...]
Gold:   165        SH:  9    Dex: 16    Spells: 9/9 levels left

rFire    . . .     SeeInvis .   y - +3 war axe
rCold    . . .     Gourm    .   C - +0 shield
rNeg     . . .     Faith    .   e - +0 plate armour
rPois    .         Spirit   .   v - +0 helmet
rElec    .         Reflect  .   s - +0 cloak
rCorr    +         Harm     .   (no gloves)
MR       .....                  (no barding)
Stlth    ..........             (no amulet)
HPRegen  0.24/turn              B - ring of resist corrosion
MPRegen  0.15/turn              w - +5 ring of dexterity

@: very quick
A: large, hooves 3, deformed body, speed 2, tough skin 3
a: Depart the Abyss, Bend Space, Banish, Renounce Religion


You were on level 1 of the Lair of Beasts.
You worshipped Lugonu.
Lugonu was most pleased with you.
You were hungry.

You visited 2 branches of the dungeon, and saw 9 of its levels.
You visited the Abyss 1 time.

You collected 373 gold pieces.
You spent 208 gold pieces at shops.

Inventory:

Hand Weapons
 y - a +3 war axe (weapon)
Missiles
 t - 5 tomahawks (quivered)
Armour
 e - a +0 plate armour (worn)
 s - a +0 cloak (worn)
 v - a +0 helmet (worn)
 C - a +0 shield (worn)
Jewellery
 w - a +5 ring of dexterity (right hand)
 B - a ring of resist corrosion (left hand)
Scrolls
 a - a scroll of teleportation
 d - a scroll of remove curse
 h - a scroll of enchant weapon
 i - a scroll of blinking
 q - a scroll of identify
 F - a scroll of magic mapping
Potions
 b - 3 potions of brilliance
 f - a potion of heal wounds
 g - a potion of invisibility
 j - a potion of might {unknown}
 k - 2 potions of mutation {unknown}
 l - 3 potions of haste
 m - a potion of resistance {unknown}
 n - a potion of ambrosia
 o - 3 potions of curing
 r - a potion of degeneration {unknown}
 u - 2 potions of magic
 x - 2 potions of lignification {unknown}
 z - a potion of flight {unknown}
 E - a potion of agility
Books
 A - a book of Conjurations

   Spells                             Type                      Level
   a - Magic Dart                     Conjuration                  1
   b - Searing Ray                    Conjuration                  2
   c - Dazzling Spray                 Conjuration/Hexes            3
   d - Fulminant Prism                Conjuration/Hexes            4
   e - Force Lance                    Conjuration/Translocation    4
   f - Iskenderun's Mystic Blast      Conjuration                  4
Comestibles
 c - 16 rations


   Skills:
 + Level 6.5 Fighting
 + Level 8.9 Axes
 + Level 1.1 Throwing
 * Level 7.1 Armour
 + Level 1.0 Dodging
 + Level 3.1 Shields
 * Level 8.4 Invocations


You had 9 spell levels left.
You didn't know any spells.

Dungeon Overview and Level Annotations

Branches:
Dungeon (8/15)             Temple (0/1) D:5            Lair (1/6) D:8

Altars:
Fedhas
Ru
Trog
Vehumet

Shops:
D:5 !   D:8 *?[*:

Annotations:
Abyss:1 Maurice


Innate Abilities, Weirdness & Mutations

You have hooves in place of feet.
Armour fits poorly on your strangely shaped body.
You cover ground very quickly.
You have extremely tough skin. (AC +3)


Message History

You block the yak's attack.
You hit the yak. You kick the yak.
The yak is lightly wounded.
The yak gores you!
* * * LOW HITPOINT WARNING * * *
You hit the yak.
The yak is moderately wounded.
You block the yak's attack.
You hit the yak.
The yak is moderately wounded.
The yak gores you.
* * * LOW HITPOINT WARNING * * *
The yak gores you but does no damage.
You hit the yak. You kick the yak, but do no damage.
The yak is moderately wounded.
The yak gores you but does no damage.
You slash the yak! You kick the yak!
The yak is severely wounded.
The yak gores you!
You die...

####..... .......
........ .P#....
.#..#.#.##.# ..(..
............
#P.(####..........
........... .... .
#Y##..###.###.###.
..####@#.#.#.#..#..#.#.
........................
%...###..#..##..........
.. ...............P....
........##..#....Pb..#
.......................
....##..P#.#..#........
.......................
..##...#####..#..##..##


You could see a yak.

Vanquished Creatures
  A spiny frog (Lair:1)
  A komodo dragon (Lair:1)
  A hippogriff (D:8)
  7 yaks (Lair:1)
  4 hogs (D:8)
  A human (D:8)
  A hungry ghost (D:8)
  A porcupine (Lair:1)
  A sky beast (D:8)
  An orc warrior (D:7)
  3 phantoms
  An ice beast (D:7)
  3 wolves (Lair:1)
  7 ogres
  4 centaurs
  A crocodile (Lair:1)
  6 bullfrogs
  A water moccasin zombie (D:7)
  A gnoll sergeant (D:6)
  A scorpion (D:6)
  6 crimson imps
  A centaur zombie (D:5)
  A bullfrog zombie (D:8)
  4 orc priests
  6 hounds
  A jelly (D:8)
  A centaur skeleton (D:4)
  2 iguanas
  7 orc wizards
  Jessica (D:2)
  Ijyb (D:5)
  4 worker ants
  A hound skeleton (D:4)
  A worker ant zombie (D:6)
  4 gnolls
  12 adders
  2 shadow imps
  3 worms
  2 dart slugs
  2 leopard geckos
  30 orcs
  7 bats
  6 giant cockroaches
  7 goblins
  3 hobgoblins
  8 jackals
  4 kobolds
  8 quokkas
  5 frilled lizards
  A jackal skeleton (D:4)
  A leopard gecko skeleton (D:4)
  A leopard gecko zombie (D:7)
  A quokka skeleton (D:5)
  9 rats
200 creatures vanquished.

Vanquished Creatures (others)
  2 two-headed ogres (D:8)
  An orc wizard (D:6)
3 creatures vanquished.

Grand Total: 203 creatures vanquished

Notes
Turn   | Place    | Note
-------+----------+-------------------------------------------
     0 | Abyss:1  | Gargoyl the Centaur Abyssal Knight began the quest for the Orb.
     0 | Abyss:1  | Reached XP level 1. HP: 19/19 MP: 2/2
    50 | Abyss:1  | Noticed a small abomination
    56 | Abyss:1  | Noticed a swamp dragon zombie
   150 | Abyss:3  | Noticed a killer bee
   150 | Abyss:3  | Noticed a green very ugly thing
   151 | Abyss:3  | Noticed a killer bee
   157 | D:1      | Escaped the Abyss
   446 | D:1      | Reached XP level 2. HP: 18/26 MP: 3/3
   594 | D:1      | Reached * piety under Lugonu
  1188 | D:2      | Noticed Jessica
  1205 | D:2      | Killed Jessica
  1205 | D:2      | Reached XP level 3. HP: 12/31 MP: 4/4
  1601 | D:2      | Reached XP level 4. HP: 21/38 MP: 6/6
  1916 | D:2      | Found a blossoming altar of Fedhas.
  2442 | D:2      | Found a sacrificial altar of Ru.
  2442 | D:2      | Found a bloodstained altar of Trog.
  2444 | D:2      | Found a radiant altar of Vehumet.
  2818 | D:3      | Reached ** piety under Lugonu
  3306 | D:4      | Reached XP level 5. HP: 45/45 MP: 7/7
  3678 | D:4      | Reached skill level 1 in Shields
  3870 | D:4      | Noticed a phantom
  3885 | D:4      | Killed a phantom
  3885 | D:4      | Reached XP level 6. HP: 52/52 MP: 8/8
  4571 | D:4      | You fall through a shaft for 2 floors!
  4586 | D:6      | Reached XP level 7. HP: 41/58 MP: 9/9
  4856 | D:5      | Entered Level 5 of the Dungeon
  5272 | D:5      | Found a staircase to the Ecumenical Temple.
  5762 | D:5      | Noticed Ijyb
  5775 | D:5      | Killed Ijyb
  6062 | D:5      | Found Nonuinol's Distillery.
  6070 | D:5      | Bought a potion of heal wounds for 65 gold pieces
  6070 | D:5      | Bought a potion of heal wounds for 65 gold pieces
  6070 | D:5      | Bought a potion of curing for 39 gold pieces
  6363 | D:5      | Reached skill level 5 in Axes
  6412 | D:5      | Reached XP level 8. HP: 23/66 MP: 11/11
  7096 | D:5      | Reached skill level 5 in Invocations
  7282 | D:5      | Reached *** piety under Lugonu
  8536 | D:6      | Reached skill level 5 in Armour
  8602 | D:6      | Reached skill level 5 in Fighting
  8768 | D:6      | Reached XP level 9. HP: 74/74 MP: 13/13
  9771 | D:8      | Noticed a two-headed ogre
  9776 | D:8      | Banished a two-headed ogre
  9830 | D:8      | Noticed a two-headed ogre
  9837 | D:8      | Banished a two-headed ogre
  9837 | D:8      | Reached skill level 1 in Throwing
  9913 | D:8      | Found a staircase to the Lair.
 10158 | D:8      | Found Jetzumua's Book Emporium.
 10208 | D:8      | Noticed Maurice
 10272 | D:8      | Banished Maurice
 10272 | D:8      | Reached XP level 10. HP: 38/83 MP: 15/15
 10581 | D:8      | Found Wete's Assorted Antiques.
 10586 | D:8      | Found Zakaoru's Antique Armour Boutique.
 10594 | D:8      | Found Beemopag's Magic Scroll Boutique.
 11035 | D:8      | Found Putag's General Store.
 11258 | D:8      | Bought a scroll of teleportation for 39 gold pieces
 11837 | D:8      | Reached skill level 1 in Dodging
 11900 | Lair:1   | Entered Level 1 of the Lair of Beasts
 12288 | Lair:1   | Noticed a spiny frog
 12303 | Lair:1   | Killed a spiny frog
 12711 | Lair:1   | HP: 4/84 [yak (10)]
 13107 | Lair:1   | Slain by a yak

Skill      XL: |  1  2  3  4  5  6  7  8  9 10 |
---------------+-------------------------------+-----
Axes           | 2 3 4 5 6 7 8 |  8.9
Armour         | 2 3 5 6 7 |  7.1
Invocations    | 3 4 5 7 8 |  8.4
Shields        | 1 2 3 |  3.1
Fighting       | 4 5 6 |  6.5
Throwing       | 1 |  1.1
Dodging        | 1 |  1.0

Action                   |  1- 3 |  4- 6 |  7- 9 | 10-12 || total
-------------------------+-------+-------+-------+-------++-------
Melee: Hand axe          |    89 |   219 |   130 |       ||   438
       Kick              |    11 |    50 |   104 |    63 ||   228
       War axe           |       |       |   245 |   183 ||   428
Throw: Tomahawk          |       |       |    10 |     6 ||    16
Invok: Depart the Abyss  |     1 |       |       |       ||     1
       Banish            |       |       |     4 |     1 ||     5
  Use: Scroll            |     3 |     4 |     8 |     2 ||    17
       Potion            |     3 |       |     1 |     2 ||     6
  Eat: Chunk             |     1 |     8 |    16 |     5 ||    30
       Ration            |       |       |     1 |     2 ||     3
Armor: Plate armour      |   105 |   173 |   295 |   122 ||   695
Dodge: Dodged            |     3 |    13 |    20 |     5 ||    41
Block: Buckler           |     9 |    42 |    23 |       ||    74
       Shield            |       |       |   114 |    82 ||   196
